 Dungeon Crawl Stone Soup version 0.31-a0-1405-g2bb1a01664 (webtiles) character file.

Game seed: 15252029988003427581

65 jasper the Changeling (level 4, -3/58 HPs)
             Began as a Naga Shapeshifter on Dec 25, 2023.
             Killed from afar by Grinder (9 damage)
             ... with a puff of flame
             ... while paralysed by Grinder
             ... on level 3 of the Dungeon.
             The game lasted 00:03:14 (1921 turns).

jasper the Changeling (Naga Shapeshifter)           Turns: 1921, Time: 00:03:15

Health: -3/58      AC:  4    Str: 18    XL:     4   Next: 14%
Magic:  0/0        EV:  1    Int: 11    God:
Gold:   111        SH:  0    Dex: 10    Spells: 3/3 levels left

rFire   . . .        m - +8 quarterstaff "Eviscerator" {heavy, rN+ rCorr MP-9}
rCold   . . .        (shield currently unavailable)
rNeg    + . .        g - +1 ring mail
rPois   +            (helmet currently unavailable)
rElec   .            (cloak currently unavailable)
rCorr   +            (gloves currently unavailable)
SInv    +            (no barding)
Will    .....        (no amulet) Stlth
                     (no ring)
HPRegen 0.29/turn    (no ring)
MPRegen 0.07/turn

%: no passive effects
@: paralysed, berserking (expiring), beast-form, very slow
A: beast (slay +2), AC +1, large, see invisible, deformed body, poison
resistance, slowness 2, spit poison 1, naga tail 1
a: Spit Poison, Begin Untransformation


You were on level 3 of the Dungeon.
You were a hulking beast.
You visited 1 branch of the dungeon, and saw 3 of its levels.

You collected 111 gold pieces.

Inventory:

Hand Weapons
 f - a +0 flail
 l - a +2 spear of venom
 m - the +8 quarterstaff "Eviscerator" (weapon) {heavy, rN+ rCorr MP-9}
   (You found it on level 2 of the Dungeon)

   rN+:       It protects you from negative energy.
   MP-9:      It affects your magic capacity (-9).
   rCorr:     It protects you from acid and corrosion.
Missiles
 p - 21 stones
Armour
 a - a +0 animal skin
 g - a +1 ring mail (worn)
Talismans
 c - a beast talisman
 d - a flux talisman
Scrolls
 i - a scroll of vulnerability
Potions
 b - 2 potions of lignification
 e - 2 potions of berserk rage
 h - a potion of invisibility {unknown}
 j - a potion of degeneration {unknown}
 k - a potion of heal wounds {unknown}
 n - 2 potions of enlightenment {unknown}


   Skills:
 + Level 2.0 Fighting
 - Level 1.5 Dodging
 + Level 3.5 Unarmed Combat
 * Level 3.9 Shapeshifting


You had 3 spell levels left.
You didn't know any spells.
Your spell library contained the following spells:

 Spells                   Type           Power      Damage    Failure   Level
 Ensorcelled Hibernation  Hex/Ice        0%         N/A       67%         2
 Passwall                 Alch/Erth      0%         N/A       67%         2
 Swiftness                Air            0%         N/A       88%         3


Dungeon Overview and Level Annotations

Branches:
Dungeon (3/15)

Altars:

Annotations:
D:3 Grinder


Innate Abilities, Weirdness & Mutations

You are a hulking beast.
Your limbs bulge with bestial killing power. (Slay +2)
Your serpentine skin is tough. (AC +1)
You have supernaturally acute eyesight. (SInv)
Armour fits poorly on your strangely shaped body.
Your system is resistant to poisons. (rPois)
You cover ground very slowly.
You can spit poison.
You have a snake-like lower body.


Message History

You throw a stone. The stone barely misses Grinder.
You have got your breath back.
Throw: 22 stones
Press: ? - help, Shift-Dir - straight line, f/p - Grinder
Aim: Grinder, carrying a wand of flame (lightly wounded, 52% to hit)
You throw a stone.
The stone hits Grinder but does no damage.
Grinder is lightly wounded.
Grinder zaps a wand.
The puff of flame hits you. Grinder gestures at you.
Pain shoots through your body!
You take 9 damage, and have 15/39 hp.
MASSIVE DAMAGE!!
Aiming: Spit Poison (1% risk of failure)
Press: ? - help, Q - select action, (/) - cycle Shift-Dir - straight line, f/p - Grinder
Aim: Grinder, carrying a wand of flame (lightly wounded, 54% to hit)
The splash of poison hits Grinder.
Grinder is lightly wounded.
A red film seems to cover your vision as you go berserk!
You feel yourself moving faster!
You feel mighty!
Grinder zaps a wand.
The puff of flame hits you.
You now have 18/58 hp.
You feel a strong urge to attack something.
You barely miss Grinder.
Grinder is lightly wounded.
Grinder hits you.
* * * LOW HITPOINT WARNING * * *
You writhe in agony.
* * * LOW HITPOINT WARNING * * *
Grinder gestures at you.
You suddenly lose the ability to move!
Grinder hits you.
* * * LOW HITPOINT WARNING * * *
You writhe in agony.
* * * LOW HITPOINT WARNING * * *
Grinder gestures at you. You resist with significant effort.
You have got your breath back.
Grinder zaps a wand.
The puff of flame hits you!
You die...
Grinder says, "Now the real fun starts!"

### #.#
#........#
#.#
###..###.#
#+# ##..#
#.# #>..#
#.# #..##
#.# #..##
#.#
####...###.#
+....5.....#
####.h..#.##
##.#>..#
####.## .#
.# .# 5# .#


You could see Grinder.

Vanquished Creatures
  Jessica (D:2)
  A dart slug (D:1)
  An orc (D:3)
  3 bats
  5 endoplasms
  6 hobgoblins
  2 quokkas
  4 ball pythons
  2 frilled lizards
  2 goblins
  3 kobolds
  6 rats
36 creatures vanquished.

Vanquished Creatures (others)
  A hobgoblin (D:1)
1 creature vanquished.

Grand Total: 37 creatures vanquished

Notes
Turn   | Place    | Note
-------+----------+-------------------------------------------
     0 | D:1      | jasper the Naga Shapeshifter began the quest for the Orb.
     0 | D:1      | Reached XP level 1. HP: 18/18 MP: 1/1
   229 | D:1      | Reached XP level 2. HP: 25/25 MP: 2/2
   704 | D:1      | Reached XP level 3. HP: 27/31 MP: 3/3
  1004 | D:2      | Identified the +8 quarterstaff "Eviscerator" {heavy, rN+
                  | rCorr MP-9}
  1332 | D:2      | Noticed Jessica
  1334 | D:2      | Killed Jessica
  1369 | D:2      | Reached XP level 4. HP: 36/39 MP: 0/4
  1808 | D:3      | Found a faded altar of an unknown god.
  1895 | D:3      | Noticed Grinder
  1895 | D:3      | Paralysed by Grinder for 2 turns
  1918 | D:3      | Paralysed by Grinder for 4 turns
  1921 | D:3      | Killed from afar by Grinder

Illustrated notes

Levels and vault maps discovered:
D:1:      amcnicky_arrival_feature_with_door, layout_loops_ring,
          lemuel_flame_loot_1
D:2:      layout_basic, uniq_jessica
D:3:      layout_loops_corners, dreamdust_ecumenical_altar_statues, uniq_grinder

Skill      XL: |  1  2  3 |
---------------+----------+-----
Fighting       | 2 |  2.0
Dodging        | |  1.5
Unarmed Combat | |  3.5
Shapeshifting  | |  3.9

Action                     |  1- 3 |  4- 6 || total
---------------------------+-------+-------++-------
  Melee: Unarmed           |    36 |       ||    36
         Punch             |     1 |       ||     1
         Quarterstaff      |     8 |    10 ||    18
  Throw: Stone             |       |     2 ||     2
Ability: Spit Poison       |    28 |    10 ||    38
    Use: Scroll            |       |     5 ||     5
         Potion            |       |     1 ||     1
 Armour: Animal skin       |     4 |       ||     4
         Ring mail         |    24 |    12 ||    36
  Dodge: Dodged            |    20 |     2 ||    22

Table legend: (Time is in decaauts)
 A = Elapsed time spent in this place.
 B = Non-inter-level travel time spent in this place.
 C = Inter-level travel time spent in this place.
 D = Time resting spent in this place.
 E = Time spent auto-exploring this place.
 F = Levels seen in this place.
 G = Mean time per level.
                   A        B        C        D        E       F      G
               +--------+--------+--------+--------+--------+-----+--------+
         Total |   2548 |   2495 |     53 |      9 |   2116 |   3 |  849.3 |
       Dungeon |   2548 |   2495 |     53 |      9 |   2116 |   3 |  849.3 |
               +--------+--------+--------+--------+--------+-----+--------+

Top non-repeatable levels by time:
     D:1: 1240 daAuts
     D:2: 919 daAuts
     D:3: 388 daAuts
